[ AOE2 MATCH · #507385466 ]
UnrankedJapanese vs Burgundians
Player's team · LOSS
[ REPLAY ANALYSIS · EXTRACTED FROM THE RECORDED GAME ]
Feudal
8:56
Castle
32:57
Imperial
—
| APM avg | 54.9 |
| APM peak | 92 |
| eAPM avg | 27.2 |
| Villagers / military | 216 / 245 |
Focus
⚔️ 35.2% · 🌾 64.8%
Samurai ×117 · Knight ×47 · Militia ×32 · Battering Ram ×24 · Skirmisher ×9 · Cavalry Archer ×6
Feudal
9:30
Castle
29:04
Imperial
50:28
| APM avg | 47.1 |
| APM peak | 71 |
| eAPM avg | 26.2 |
| Villagers / military | 222 / 203 |
Focus
⚔️ 31.1% · 🌾 68.9%
Coustillier ×78 · Archer ×51 · Hand Cannoneer ×35 · Skirmisher ×19 · Monk ×6 · Battering Ram ×5
Match map
Initial resources + every placement click. Lines = walls · curves = elevation contours. ◆ gold · ⬟ stone · ● berries · ✦ relic · ◌ wall gap
Your base· Open — unwalled flank
MooN | Lunatico's base· Open — unwalled flank
Smoothed initial terrain · ◌ = detected wall gap · hover for details
Inputs per minute
— 新竹 - - MooN | Lunatico
Build order — 新竹
First 150 of 582 actions detected
| 0:00 | Create | Villager (Male) |
| 0:01 | Create | Villager (Male) |
| 0:01 | Create | Villager (Male) |
| 0:02 | Build | House |
| 0:06 | Build | House |
| 0:09 | Create | Villager (Male) |
| 0:09 | Create | Villager (Male) |
| 1:37 | Create | Villager (Male) |
| 1:37 | Create | Villager (Male) |
| 2:02 | Create | Villager (Male) |
| 2:17 | Create | Villager (Male) |
| 2:17 | Create | Villager (Male) |
| 2:29 | Build | Lumber Camp |
| 2:49 | Create | Villager (Male) |
| 2:50 | Create | Villager (Male) |
| 3:09 | Build | House |
| 3:20 | Create | Villager (Male) |
| 3:21 | Create | Villager (Male) |
| 4:11 | Create | Villager (Male) |
| 4:12 | Create | Villager (Male) |
| 4:56 | Create | Villager (Male) |
| 4:57 | Create | Villager (Male) |
| 4:57 | Create | Villager (Male) |
| 5:13 | Build | Barracks |
| 5:43 | Build | House |
| 6:08 | Research | Loom |
| 6:08 | Research | Loom |
| 6:23 | Build | Mining Camp |
| 6:46 | Research | Feudal Age |
| 6:46 | Research | Feudal Age |
| 7:20 | Create | Militia ×2 |
| 7:20 | Create | Militia ×2 |
| 7:23 | Build | Mill |
| 7:53 | Create | Militia |
| 7:53 | Create | Militia |
| 7:57 | Build | House |
| 8:56 | Age | Feudal Age |
| 8:57 | Create | Villager (Male) |
| 9:00 | Build | House |
| 9:06 | Research | Man-at-Arms (upgrade) |
| 9:06 | Research | Man-at-Arms (upgrade) |
| 9:27 | Build | Archery Range |
| 9:35 | Create | Villager (Male) |
| 9:35 | Create | Villager (Male) |
| 9:47 | Create | Villager (Male) |
| 9:47 | Create | Villager (Male) |
| 9:48 | Create | Villager (Male) |
| 10:00 | Create | Archer |
| 10:02 | Build | House |
| 10:12 | Build | Palisade Wall |
| 10:13 | Build | Palisade Wall |
| 10:17 | Build | Palisade Wall |
| 10:18 | Build | Palisade Wall |
| 10:20 | Build | Palisade Wall |
| 10:23 | Create | Villager (Male) |
| 10:23 | Create | Villager (Male) |
| 10:23 | Create | Villager (Male) |
| 10:26 | Build | House |
| 10:27 | Build | House |
| 11:07 | Create | Skirmisher |
| 11:07 | Create | Skirmisher |
| 11:20 | Build | Palisade Wall |
| 11:38 | Build | Watch Tower |
| 13:02 | Create | Villager (Male) |
| 13:03 | Create | Villager (Male) |
| 13:03 | Create | Villager (Male) |
| 13:03 | Create | Villager (Male) |
| 13:07 | Build | Mill |
| 13:16 | Build | Palisade Wall |
| 13:16 | Build | Palisade Wall |
| 13:18 | Create | Skirmisher |
| 13:18 | Create | Skirmisher |
| 13:23 | Build | Farm |
| 13:24 | Build | Farm |
| 13:29 | Build | Blacksmith |
| 13:31 | Build | House |
| 13:39 | Build | Mining Camp |
| 13:50 | Create | Villager (Male) |
| 13:50 | Create | Villager (Male) |
| 13:51 | Create | Villager (Male) |
| 13:53 | Build | Farm |
| 13:56 | Build | Farm |
| 14:23 | Research | Double-Bit Axe |
| 14:23 | Research | Double-Bit Axe |
| 14:33 | Create | Skirmisher |
| 14:33 | Create | Skirmisher |
| 14:41 | Create | Villager (Male) |
| 14:41 | Create | Villager (Male) |
| 15:23 | Research | Fletching |
| 15:23 | Research | Fletching |
| 15:29 | Create | Skirmisher |
| 15:29 | Create | Skirmisher |
| 15:42 | Create | Villager (Male) |
| 15:42 | Create | Villager (Male) |
| 15:42 | Create | Villager (Male) |
| 15:42 | Create | Villager (Male) |
| 15:44 | Build | Farm |
| 15:45 | Build | Farm |
| 16:09 | Build | Watch Tower |
| 16:17 | Create | Skirmisher |
| 16:20 | Create | Villager (Male) |
| 16:20 | Create | Villager (Male) |
| 16:20 | Create | Villager (Male) |
| 16:20 | Create | Villager (Male) |
| 16:22 | Build | Mining Camp |
| 16:52 | Create | Militia |
| 16:52 | Create | Militia |
| 17:04 | Create | Villager (Male) |
| 17:05 | Create | Villager (Male) |
| 17:05 | Create | Villager (Male) |
| 17:13 | Create | Militia |
| 17:13 | Create | Militia |
| 17:22 | Build | Palisade Wall |
| 17:23 | Build | Palisade Wall |
| 17:51 | Create | Villager (Male) |
| 17:51 | Create | Villager (Male) |
| 17:51 | Create | Villager (Male) |
| 17:53 | Build | Farm |
| 18:03 | Create | Villager (Male) |
| 18:03 | Create | Villager (Male) |
| 18:08 | Research | Horse Collar |
| 18:08 | Research | Horse Collar |
| 18:15 | Build | Farm |
| 18:18 | Create | Militia |
| 18:18 | Create | Militia |
| 18:22 | Build | Lumber Camp |
| 18:26 | Build | Farm |
| 18:27 | Build | Farm |
| 18:47 | Create | Villager (Male) |
| 18:47 | Create | Villager (Male) |
| 18:47 | Create | Villager (Male) |
| 18:52 | Build | House |
| 18:56 | Build | Palisade Wall |
| 19:06 | Create | Villager (Male) |
| 19:12 | Research | Scale Mail Armor |
| 19:13 | Create | Militia ×2 |
| 19:13 | Create | Militia |
| 19:13 | Create | Militia |
| 19:20 | Build | Farm |
| 19:46 | Build | Watch Tower |
| 19:50 | Create | Villager (Male) |
| 19:52 | Create | Militia |
| 19:56 | Create | Villager (Male) |
| 19:56 | Create | Villager (Male) |
| 19:56 | Create | Villager (Male) |
| 20:11 | Create | Villager (Male) |
| 20:11 | Create | Villager (Male) |
| 20:12 | Create | Villager (Male) |
| 20:20 | Create | Villager (Male) |
| 20:34 | Build | Watch Tower |
Build order — MooN | Lunatico
First 150 of 626 actions detected
| 0:00 | Create | Villager (Male) |
| 0:01 | Create | Villager (Male) |
| 0:03 | Build | House |
| 0:05 | Build | House |
| 0:08 | Build | House |
| 0:10 | Create | Villager (Male) |
| 0:10 | Create | Villager (Male) |
| 0:10 | Create | Villager (Male) |
| 1:36 | Create | Villager (Male) |
| 2:03 | Create | Villager (Male) |
| 2:24 | Create | Villager (Male) |
| 2:55 | Build | Lumber Camp |
| 2:58 | Create | Villager (Male) |
| 3:23 | Create | Villager (Male) |
| 3:24 | Create | Villager (Male) |
| 3:45 | Create | Villager (Male) |
| 3:54 | Build | House |
| 4:05 | Create | Villager (Male) |
| 4:18 | Research | Double-Bit Axe |
| 4:48 | Create | Villager (Male) |
| 4:54 | Create | Villager (Male) |
| 5:14 | Create | Villager (Male) |
| 5:19 | Build | Mill |
| 5:42 | Create | Villager (Male) |
| 5:43 | Research | Loom |
| 5:47 | Create | Villager (Male) |
| 6:41 | Research | Loom |
| 7:20 | Research | Feudal Age |
| 7:43 | Build | Barracks |
| 8:00 | Create | Villager (Male) |
| 8:13 | Build | House |
| 8:20 | Build | Palisade Wall |
| 8:21 | Build | Palisade Wall |
| 8:22 | Build | Palisade Wall |
| 8:35 | Create | Villager (Male) |
| 8:56 | Build | Mining Camp |
| 9:09 | Build | Palisade Wall |
| 9:12 | Build | Palisade Wall |
| 9:17 | Build | House |
| 9:19 | Build | House |
| 9:20 | Build | Palisade Wall |
| 9:30 | Age | Feudal Age |
| 9:33 | Create | Villager (Male) |
| 9:44 | Create | Villager (Male) |
| 10:02 | Build | Archery Range |
| 10:17 | Create | Villager (Male) |
| 10:30 | Build | Watch Tower |
| 10:48 | Create | Skirmisher |
| 10:48 | Create | Skirmisher |
| 11:06 | Create | Villager (Male) |
| 11:16 | Create | Villager (Male) |
| 11:18 | Create | Archer |
| 11:30 | Build | Farm |
| 11:35 | Create | Archer |
| 12:05 | Create | Skirmisher |
| 12:27 | Create | Villager (Male) |
| 12:30 | Create | Skirmisher |
| 12:47 | Create | Villager (Male) |
| 12:57 | Create | Villager (Male) |
| 13:05 | Create | Skirmisher |
| 13:10 | Build | Blacksmith |
| 13:17 | Create | Archer |
| 13:22 | Build | Farm |
| 13:23 | Build | Farm |
| 13:28 | Build | Farm |
| 13:31 | Build | Farm |
| 13:49 | Create | Villager (Male) |
| 13:53 | Build | House |
| 13:53 | Build | House |
| 14:31 | Research | Fletching |
| 14:41 | Build | Farm |
| 14:43 | Build | Farm |
| 14:43 | Build | Farm |
| 14:44 | Build | Farm |
| 14:48 | Create | Skirmisher |
| 15:01 | Build | Farm |
| 15:07 | Create | Villager (Male) |
| 15:27 | Build | Lumber Camp |
| 15:30 | Create | Skirmisher |
| 15:34 | Create | Villager (Male) |
| 15:46 | Create | Villager (Male) |
| 15:49 | Build | Farm |
| 15:51 | Create | Villager (Male) |
| 15:54 | Build | Mining Camp |
| 16:08 | Research | Padded Archer Armor |
| 16:16 | Build | Farm |
| 16:17 | Build | Farm |
| 16:21 | Create | Skirmisher |
| 16:46 | Create | Skirmisher |
| 16:59 | Create | Villager (Male) |
| 17:00 | Create | Villager (Male) |
| 17:07 | Create | Skirmisher |
| 17:18 | Create | Skirmisher |
| 17:35 | Create | Skirmisher |
| 17:42 | Build | Farm |
| 17:43 | Build | Farm |
| 17:47 | Create | Skirmisher |
| 18:00 | Create | Villager (Male) |
| 18:04 | Build | Archery Range |
| 18:07 | Build | House |
| 18:07 | Build | House |
| 18:18 | Build | House |
| 18:22 | Build | Farm |
| 18:32 | Build | Palisade Wall |
| 18:39 | Research | Horse Collar |
| 18:41 | Build | Farm |
| 18:49 | Create | Villager (Male) |
| 18:52 | Create | Skirmisher |
| 19:03 | Build | Farm |
| 19:14 | Create | Skirmisher |
| 19:24 | Create | Villager (Male) |
| 19:25 | Create | Villager (Male) |
| 19:34 | Build | Farm |
| 19:40 | Create | Skirmisher |
| 19:44 | Create | Flemish Militia |
| 19:44 | Create | Flemish Militia |
| 19:55 | Create | Villager (Male) |
| 20:07 | Create | Villager (Male) |
| 20:10 | Build | Market |
| 20:22 | Create | Flemish Militia |
| 20:22 | Create | Skirmisher |
| 20:23 | Create | Skirmisher |
| 20:38 | Create | Villager (Male) |
| 20:47 | Create | Flemish Militia |
| 20:48 | Create | Skirmisher |
| 20:59 | Create | Villager (Male) |
| 21:03 | Build | House |
| 21:03 | Build | House |
| 21:10 | Build | Farm |
| 21:13 | Create | Villager (Male) |
| 21:26 | Create | Villager (Male) |
| 21:33 | Build | House |
| 21:34 | Build | House |
| 22:19 | Create | Villager (Male) |
| 22:20 | Create | Villager (Male) |
| 22:34 | Create | Villager (Male) |
| 22:42 | Create | Villager (Male) |
| 22:52 | Create | Villager (Male) |
| 22:55 | Build | Lumber Camp |
| 23:00 | Create | Archer |
| 23:09 | Create | Villager (Male) |
| 23:12 | Build | Farm |
| 23:13 | Build | Mill |
| 23:23 | Build | Archery Range |
| 23:25 | Create | Archer |
| 23:25 | Create | Archer |
| 23:45 | Create | Villager (Male) |
| 23:52 | Build | Farm |
| 23:53 | Build | Farm |
| 24:09 | Create | Archer |
Match timeline
| 5:13 | 新竹 · first_building Barracks |
| 7:43 | MooN | Lunatico · first_building Barracks |
| 8:20 | MooN | Lunatico · wall_segment Palisade Wall x1 |
| 8:21 | MooN | Lunatico · wall_segment Palisade Wall x1 |
| 8:22 | MooN | Lunatico · wall_segment Palisade Wall x2 |
| 8:56 | 新竹 · age_up feudal |
| 9:09 | MooN | Lunatico · wall_segment Palisade Wall x1 |
| 9:12 | MooN | Lunatico · wall_segment Palisade Wall x1 |
| 9:20 | MooN | Lunatico · wall_segment Palisade Wall x1 |
| 9:27 | 新竹 · first_building Archery Range |
| 9:30 | MooN | Lunatico · age_up feudal |
| 10:02 | MooN | Lunatico · first_building Archery Range |
| 10:12 | 新竹 · wall_segment Palisade Wall x3 |
| 10:13 | 新竹 · wall_segment Palisade Wall x1 |
| 10:17 | 新竹 · wall_segment Palisade Wall x1 |
| 10:18 | 新竹 · wall_segment Palisade Wall x2 |
| 10:20 | 新竹 · wall_segment Palisade Wall x2 |
| 11:20 | 新竹 · wall_segment Palisade Wall x1 |
| 13:16 | 新竹 · wall_segment Palisade Wall x2 |
| 13:16 | 新竹 · wall_segment Palisade Wall x2 |
| 17:22 | 新竹 · wall_segment Palisade Wall x2 |
| 17:23 | 新竹 · wall_segment Palisade Wall x2 |
| 18:32 | MooN | Lunatico · wall_segment Palisade Wall x1 |
| 18:56 | 新竹 · wall_segment Palisade Wall x1 |
| 24:22 | MooN | Lunatico · first_market_buy 500 food |
| 25:29 | MooN | Lunatico · first_market_sell 500 wood |
| 26:34 | 新竹 · wall_segment Palisade Wall x3 |
| 26:35 | MooN | Lunatico · wall_segment Palisade Wall x4 |
| 29:04 | MooN | Lunatico · age_up castle |
| 29:27 | MooN | Lunatico · first_building Siege Workshop |
| 30:54 | 新竹 · first_building Stable |
| 32:57 | 新竹 · age_up castle |
| 33:03 | MooN | Lunatico · first_building Monastery |
| 34:16 | MooN | Lunatico · wall_segment Stone Wall x4 |
| 36:12 | MooN | Lunatico · first_building Castle |
| 37:42 | 新竹 · first_building Siege Workshop |
| 38:12 | 新竹 · first_market_buy 100 food |
| 40:09 | 新竹 · first_building Monastery |
| 43:09 | 新竹 · first_building Castle |
| 50:28 | MooN | Lunatico · age_up imperial |
| 50:55 | 新竹 · wall_segment Palisade Wall x1 |
| 55:19 | MooN | Lunatico · first_building Stable |
| 62:45 | 新竹 · resign |
[ AI ANALYSIS · 1 CREDIT ]
What really happened in this match?
Wolo.gg analyzes every decision: build order, eco, micro, common mistakes by bracket. Personalized analysis on WhatsApp or Discord in 30 seconds.
Civ guide
Japanese
Perfil
新竹